[ AOE2 MATCH · #497262187 ]
UnrankedJurchens vs Britons
[ REPLAY ANALYSIS · EXTRACTED FROM THE RECORDED GAME ]
Feudal
10:37
Castle
15:56
Imperial
42:26
| APM avg | 25.1 |
| APM peak | 58 |
| eAPM avg | 11.4 |
| Villagers / military | 107 / 58 |
Focus
⚔️ 28.9% · 🌾 71.1%
Unknown (1911) ×81 · Steppe Lancer ×42 · Iron Pagoda ×12 · Unknown (1908) ×11 · Monk ×3 · Trebuchet (Packed) ×1
Feudal
10:10
Castle
22:54
Imperial
44:05
| APM avg | 71.9 |
| APM peak | 134 |
| eAPM avg | 27.5 |
| Villagers / military | 132 / 128 |
Focus
⚔️ 32.4% · 🌾 67.6%
Archer ×119 · Spearman ×6 · Trebuchet (Packed) ×3
Feudal
10:06
Castle
26:06
Imperial
45:36
| APM avg | 27.6 |
| APM peak | 73 |
| eAPM avg | 11.9 |
| Villagers / military | 94 / 82 |
Focus
⚔️ 22.4% · 🌾 77.6%
Knight ×56 · Scout Cavalry ×15 · Battering Ram ×10 · Spearman ×1
Feudal
11:44
Castle
49:18
Imperial
—
| APM avg | 26.0 |
| APM peak | 63 |
| eAPM avg | 11.2 |
| Villagers / military | 84 / 69 |
Focus
⚔️ 28.5% · 🌾 71.5%
Skirmisher ×61 · Spearman ×8
Feudal
10:28
Castle
26:06
Imperial
41:42
| APM avg | 68.0 |
| APM peak | 132 |
| eAPM avg | 31.1 |
| Villagers / military | 136 / 147 |
Focus
⚔️ 41.4% · 🌾 58.6%
Rattan Archer ×74 · Cavalry Archer ×45 · Scout Cavalry ×9 · Archer ×5 · Battering Ram ×5 · Spearman ×3
Feudal
10:29
Castle
25:27
Imperial
—
| APM avg | 49.7 |
| APM peak | 86 |
| eAPM avg | 20.0 |
| Villagers / military | 96 / 54 |
Focus
⚔️ 22.9% · 🌾 77.1%
Konnik ×34 · Skirmisher ×10 · Militia ×5 · Spearman ×5
Feudal
9:21
Castle
22:34
Imperial
42:18
| APM avg | 36.7 |
| APM peak | 91 |
| eAPM avg | 12.9 |
| Villagers / military | 91 / 113 |
Focus
⚔️ 22.2% · 🌾 77.8%
Archer ×91 · Skirmisher ×20 · Mangonel ×2
Feudal
11:08
Castle
23:20
Imperial
41:53
| APM avg | 25.9 |
| APM peak | 61 |
| eAPM avg | 11.9 |
| Villagers / military | 72 / 201 |
Focus
⚔️ 51.2% · 🌾 48.8%
Archer ×198 · Trebuchet (Packed) ×3
Match map
Initial resources + every placement click. Lines = walls · curves = elevation contours. ◆ gold · ⬟ stone · ● berries · ✦ relic · ◌ wall gap
Your base· Open — unwalled flank
Kryptonknight's base· Open — unwalled flank
AleAnonMallo's base· Open — 6t gap
Chuterr's base· Open — unwalled flank
PEINATE QUE VIENE GENTE's base· Open — 2t gap
Sacrilegious's base· Open — unwalled flank
Navi AoE's base· Open — 1t gap
Fat B's base· Open — 4t gap
Smoothed initial terrain · ◌ = detected wall gap · hover for details
Inputs per minute
— GuilleLeopold17 - - Kryptonknight
Build order — GuilleLeopold17
First 150 of 322 actions detected
| 0:02 | Create | Villager (Male) |
| 0:02 | Create | Villager (Male) |
| 0:02 | Create | Villager (Male) |
| 0:02 | Create | Villager (Male) |
| 0:04 | Build | House |
| 0:06 | Build | House |
| 1:24 | Create | Villager (Male) |
| 1:25 | Create | Villager (Male) |
| 1:49 | Create | Villager (Male) |
| 1:49 | Create | Villager (Male) |
| 2:12 | Create | Villager (Male) |
| 2:12 | Create | Villager (Male) |
| 2:40 | Build | Lumber Camp |
| 2:47 | Create | Villager (Male) |
| 2:47 | Create | Villager (Male) |
| 3:11 | Create | Villager (Male) |
| 3:11 | Create | Villager (Male) |
| 3:28 | Research | Loom |
| 3:29 | Create | Villager (Male) |
| 3:29 | Create | Villager (Male) |
| 3:29 | Create | Villager (Male) |
| 3:44 | Create | Villager (Male) |
| 3:44 | Create | Villager (Male) |
| 4:23 | Build | House |
| 4:25 | Build | House |
| 4:55 | Create | Villager (Male) |
| 4:56 | Create | Villager (Male) |
| 5:11 | Create | Villager (Male) |
| 5:11 | Create | Villager (Male) |
| 5:40 | Build | Mill |
| 5:42 | Create | Villager (Male) |
| 5:43 | Create | Villager (Male) |
| 5:43 | Create | Villager (Male) |
| 5:43 | Create | Villager (Male) |
| 5:48 | Create | Villager (Male) |
| 6:57 | Create | Villager (Male) |
| 7:41 | Build | Mining Camp |
| 8:27 | Research | Feudal Age |
| 9:00 | Build | House |
| 9:54 | Build | Barracks |
| 10:19 | Create | Villager (Male) |
| 10:22 | Create | Villager (Male) |
| 10:37 | Age | Feudal Age |
| 11:20 | Build | Archery Range |
| 12:11 | Create | Villager (Male) |
| 12:11 | Create | Villager (Male) |
| 12:25 | Build | Blacksmith |
| 12:57 | Build | Farm |
| 12:57 | Build | Farm |
| 12:57 | Build | Farm |
| 12:57 | Build | Farm |
| 12:58 | Build | Farm |
| 12:58 | Build | Farm |
| 12:59 | Build | Farm |
| 13:16 | Research | Castle Age |
| 13:26 | Build | Farm |
| 13:26 | Build | Farm |
| 13:26 | Build | Farm |
| 13:27 | Build | Farm |
| 13:46 | Build | Farm |
| 13:46 | Build | Farm |
| 13:46 | Build | Farm |
| 14:14 | Build | Mill |
| 14:27 | Build | Farm |
| 14:27 | Build | Farm |
| 14:27 | Build | Farm |
| 14:28 | Build | Farm |
| 14:29 | Build | Farm |
| 14:29 | Build | Farm |
| 14:35 | Research | Double-Bit Axe |
| 15:06 | Build | Farm |
| 15:50 | Build | House |
| 15:51 | Build | House |
| 15:56 | Age | Castle Age |
| 15:58 | Create | Unit 1911 |
| 15:58 | Create | Unit 1911 |
| 15:58 | Create | Unit 1911 |
| 15:58 | Create | Unit 1911 |
| 15:59 | Create | Unit 1911 |
| 16:04 | Create | Villager (Male) |
| 16:04 | Create | Villager (Male) |
| 16:16 | Build | Town Center |
| 16:25 | Create | Villager (Male) |
| 16:25 | Create | Villager (Male) |
| 16:53 | Create | Unit 1911 |
| 16:53 | Create | Unit 1911 |
| 17:03 | Create | Villager (Male) |
| 17:03 | Create | Villager (Male) |
| 17:13 | Build | Farm |
| 17:13 | Build | Farm |
| 17:13 | Build | Farm |
| 17:26 | Create | Unit 1911 |
| 17:26 | Create | Unit 1911 |
| 17:27 | Create | Unit 1911 |
| 17:27 | Create | Unit 1911 |
| 17:45 | Research | Padded Archer Armor |
| 18:10 | Create | Villager (Male) |
| 18:10 | Create | Villager (Male) |
| 18:10 | Create | Villager (Male) |
| 18:51 | Create | Unit 1911 |
| 18:51 | Create | Unit 1911 |
| 18:51 | Create | Unit 1911 |
| 18:51 | Create | Unit 1911 |
| 19:01 | Create | Villager (Male) |
| 19:01 | Create | Villager (Male) |
| 19:02 | Create | Villager (Male) |
| 19:11 | Build | House |
| 19:12 | Build | House |
| 19:21 | Build | Siege Workshop |
| 19:37 | Create | Unit 1911 |
| 19:37 | Create | Unit 1911 |
| 19:37 | Create | Unit 1911 |
| 19:51 | Build | House |
| 19:51 | Build | House |
| 19:51 | Build | House |
| 20:33 | Build | Farm |
| 20:33 | Build | Farm |
| 20:33 | Build | Farm |
| 20:34 | Build | Farm |
| 20:36 | Research | Horse Collar |
| 20:38 | Create | Villager (Male) ×5 |
| 22:23 | Create | Unit 1911 ×5 |
| 22:23 | Create | Unit 1911 |
| 22:35 | Build | Archery Range |
| 22:36 | Build | Archery Range |
| 22:44 | Create | Villager (Male) |
| 22:45 | Create | Villager (Male) |
| 22:45 | Create | Villager (Male) |
| 22:45 | Create | Villager (Male) |
| 22:50 | Build | Farm |
| 23:20 | Create | Unit 1911 |
| 23:50 | Build | University |
| 23:57 | Create | Villager (Male) |
| 23:57 | Create | Villager (Male) |
| 23:57 | Create | Villager (Male) |
| 23:57 | Create | Villager (Male) |
| 23:58 | Create | Villager (Male) |
| 24:39 | Build | Farm |
| 24:40 | Build | Farm |
| 24:40 | Build | Farm |
| 24:40 | Build | Farm |
| 24:40 | Build | Farm |
| 24:45 | Create | Villager (Male) |
| 24:46 | Create | Villager (Male) |
| 24:58 | Create | Unit 1911 |
| 24:58 | Create | Unit 1911 |
| 24:59 | Create | Unit 1911 |
| 25:24 | Build | Monastery |
| 26:07 | Build | House |
| 26:07 | Build | House |
Build order — Kryptonknight
First 150 of 402 actions detected
| 0:01 | Create | Villager (Male) |
| 0:01 | Create | Villager (Male) |
| 0:01 | Create | Villager (Male) |
| 0:02 | Build | House |
| 0:04 | Build | House |
| 0:39 | Create | Villager (Male) |
| 1:34 | Create | Villager (Male) |
| 1:47 | Build | Lumber Camp |
| 2:03 | Create | Villager (Male) |
| 2:26 | Create | Villager (Male) |
| 2:49 | Create | Villager (Male) |
| 3:24 | Build | House |
| 3:41 | Create | Villager (Male) |
| 3:41 | Create | Villager (Male) |
| 3:41 | Create | Villager (Male) |
| 3:51 | Build | Mill |
| 5:30 | Create | Villager (Male) |
| 5:30 | Create | Villager (Male) |
| 5:31 | Create | Villager (Male) |
| 5:31 | Create | Villager (Male) |
| 5:48 | Create | Villager (Male) |
| 6:24 | Create | Villager (Male) |
| 6:32 | Research | Loom |
| 7:43 | Create | Villager (Male) |
| 7:53 | Research | Feudal Age |
| 8:29 | Build | Mining Camp |
| 9:00 | Create | Villager (Male) |
| 9:00 | Create | Villager (Male) |
| 9:10 | Build | Barracks |
| 9:15 | Build | House |
| 10:10 | Age | Feudal Age |
| 10:13 | Build | Archery Range |
| 10:15 | Create | Spearman |
| 10:16 | Create | Spearman |
| 10:18 | Research | Double-Bit Axe |
| 10:20 | Research | Horse Collar |
| 10:31 | Build | House |
| 10:32 | Build | Palisade Wall |
| 10:38 | Build | House |
| 10:42 | Build | Palisade Wall |
| 11:09 | Build | House |
| 11:13 | Build | Palisade Wall |
| 11:24 | Build | Palisade Gate |
| 11:31 | Create | Villager (Male) |
| 11:45 | Build | House |
| 11:48 | Create | Archer |
| 11:48 | Create | Archer |
| 11:50 | Create | Villager (Male) |
| 12:12 | Create | Archer |
| 12:24 | Build | Palisade Wall |
| 12:47 | Build | Blacksmith |
| 12:53 | Create | Archer |
| 13:06 | Build | Farm |
| 13:09 | Build | Farm |
| 13:18 | Create | Archer |
| 13:24 | Create | Villager (Male) |
| 13:25 | Create | Villager (Male) |
| 13:37 | Build | Palisade Wall |
| 13:59 | Create | Villager (Male) |
| 14:02 | Research | Fletching |
| 14:36 | Create | Archer |
| 14:38 | Create | Villager (Male) |
| 14:39 | Create | Villager (Male) |
| 14:48 | Build | Farm |
| 14:56 | Build | House |
| 15:06 | Create | Archer |
| 15:07 | Create | Villager (Male) |
| 15:14 | Build | Farm |
| 15:15 | Build | Farm |
| 15:17 | Build | Farm |
| 15:18 | Build | Farm |
| 15:20 | Build | Farm |
| 15:29 | Create | Archer |
| 15:40 | Create | Villager (Male) |
| 15:48 | Build | Farm |
| 16:10 | Create | Villager (Male) |
| 16:16 | Build | Farm |
| 16:22 | Create | Villager (Male) |
| 17:01 | Create | Villager (Male) |
| 17:01 | Create | Villager (Male) |
| 17:06 | Build | Farm |
| 17:16 | Create | Archer |
| 17:16 | Create | Archer |
| 17:24 | Create | Villager (Male) |
| 17:28 | Build | House |
| 17:29 | Build | House |
| 17:33 | Build | House |
| 18:04 | Create | Archer |
| 18:04 | Create | Archer |
| 18:25 | Create | Villager (Male) |
| 18:25 | Create | Villager (Male) |
| 18:30 | Build | Farm |
| 18:31 | Build | Farm |
| 18:34 | Build | Farm |
| 18:55 | Create | Archer |
| 19:04 | Build | Market |
| 19:09 | Build | House |
| 19:11 | Build | House |
| 19:12 | Create | Villager (Male) |
| 19:18 | Create | Villager (Male) |
| 19:48 | Create | Archer |
| 20:14 | Research | Castle Age |
| 20:20 | Create | Archer |
| 21:16 | Create | Villager (Male) |
| 21:49 | Create | Villager (Male) |
| 21:50 | Create | Archer |
| 21:51 | Create | Archer |
| 22:15 | Build | Farm |
| 22:15 | Build | Farm |
| 22:15 | Build | Farm |
| 22:16 | Build | Farm |
| 22:16 | Build | Farm |
| 22:16 | Build | Farm |
| 22:46 | Build | House |
| 22:54 | Age | Castle Age |
| 23:01 | Research | Bodkin Arrow |
| 23:06 | Research | Crossbowman (upgrade) |
| 23:08 | Create | Archer |
| 23:23 | Build | University |
| 23:26 | Create | Villager (Male) |
| 23:26 | Create | Villager (Male) |
| 23:32 | Create | Archer |
| 24:00 | Research | Ballistics |
| 24:28 | Create | Archer |
| 24:32 | Create | Archer |
| 24:33 | Create | Villager (Male) |
| 24:33 | Create | Villager (Male) |
| 24:33 | Create | Villager (Male) |
| 24:44 | Create | Spearman |
| 24:44 | Create | Spearman |
| 24:58 | Build | Blacksmith |
| 25:39 | Create | Spearman |
| 25:39 | Create | Spearman |
| 25:44 | Create | Archer |
| 25:44 | Create | Archer |
| 25:45 | Create | Villager (Male) |
| 25:45 | Create | Villager (Male) |
| 25:56 | Build | Lumber Camp |
| 26:01 | Create | Archer |
| 26:26 | Build | House |
| 26:37 | Create | Villager (Male) |
| 26:38 | Create | Villager (Male) |
| 26:45 | Create | Archer |
| 26:47 | Create | Villager (Male) |
| 26:49 | Build | House |
| 27:29 | Create | Archer |
| 27:29 | Create | Archer |
| 27:29 | Create | Archer |
| 27:59 | Create | Archer |
| 27:59 | Create | Archer |
Build order — AleAnonMallo
First 150 of 199 actions detected
| 0:02 | Create | Villager (Male) |
| 0:02 | Create | Villager (Male) |
| 0:04 | Build | House |
| 0:06 | Build | House |
| 0:44 | Create | Villager (Male) |
| 0:44 | Create | Villager (Male) |
| 1:24 | Create | Villager (Male) |
| 1:57 | Build | Lumber Camp |
| 2:07 | Create | Villager (Male) |
| 2:08 | Create | Villager (Male) |
| 3:00 | Create | Villager (Male) |
| 3:56 | Create | Villager (Male) |
| 3:56 | Create | Villager (Male) |
| 3:57 | Create | Villager (Male) |
| 3:57 | Create | Villager (Male) |
| 4:05 | Build | House |
| 4:35 | Build | House |
| 4:49 | Create | Villager (Male) |
| 5:14 | Create | Villager (Male) |
| 5:14 | Create | Villager (Male) |
| 5:19 | Build | Mill |
| 5:57 | Create | Villager (Male) |
| 6:07 | Create | Villager (Male) |
| 6:19 | Create | Villager (Male) |
| 6:52 | Build | Lumber Camp |
| 6:54 | Create | Villager (Male) |
| 7:56 | Research | Feudal Age |
| 8:36 | Build | Mining Camp |
| 8:41 | Research | Loom |
| 8:55 | Build | Barracks |
| 9:27 | Create | Villager (Male) |
| 10:06 | Age | Feudal Age |
| 10:18 | Build | Stable |
| 10:42 | Build | House |
| 10:44 | Create | Spearman |
| 11:03 | Build | House |
| 11:09 | Build | Farm |
| 11:22 | Create | Scout Cavalry |
| 11:24 | Create | Scout Cavalry |
| 11:26 | Create | Scout Cavalry |
| 11:39 | Build | Farm |
| 11:45 | Build | Farm |
| 11:49 | Create | Villager (Male) |
| 12:17 | Build | Blacksmith |
| 12:21 | Create | Villager (Male) |
| 12:21 | Create | Villager (Male) |
| 12:58 | Create | Villager (Male) |
| 13:12 | Build | Farm |
| 13:15 | Build | Farm |
| 13:19 | Build | Farm |
| 13:21 | Create | Villager (Male) |
| 13:28 | Create | Scout Cavalry |
| 13:29 | Create | Scout Cavalry |
| 14:01 | Build | House |
| 14:03 | Create | Scout Cavalry |
| 14:53 | Build | House |
| 14:56 | Create | Scout Cavalry |
| 14:58 | Research | Forging |
| 16:17 | Create | Villager (Male) |
| 16:22 | Build | Farm |
| 16:27 | Build | Farm |
| 16:27 | Build | Farm |
| 16:27 | Build | Farm |
| 16:27 | Build | Farm |
| 16:28 | Build | Farm |
| 16:36 | Build | Stable |
| 16:41 | Create | Scout Cavalry ×2 |
| 17:44 | Create | Scout Cavalry ×2 |
| 17:59 | Build | House |
| 19:08 | Build | House |
| 19:27 | Create | Scout Cavalry ×4 |
| 19:40 | Create | Villager (Male) |
| 19:50 | Create | Villager (Male) |
| 20:10 | Build | Farm |
| 20:11 | Build | Farm |
| 20:11 | Build | Farm |
| 20:11 | Build | Farm |
| 20:16 | Create | Villager (Male) |
| 20:33 | Create | Villager (Male) |
| 20:42 | Build | Farm |
| 21:29 | Build | Farm |
| 21:32 | Build | Farm |
| 22:08 | Create | Villager (Male) |
| 22:12 | Build | Farm |
| 22:14 | Build | Farm |
| 22:35 | Create | Villager (Male) |
| 22:41 | Build | Farm |
| 22:52 | Build | Farm |
| 23:23 | Create | Villager (Male) |
| 23:26 | Research | Castle Age |
| 23:27 | Create | Villager (Male) |
| 23:53 | Build | Farm |
| 23:59 | Research | Scale Barding Armor |
| 26:06 | Age | Castle Age |
| 26:41 | Create | Villager (Male) |
| 26:44 | Create | Knight ×5 |
| 26:46 | Research | Husbandry |
| 26:59 | Create | Villager (Male) |
| 27:06 | Create | Knight ×5 |
| 27:14 | Build | Town Center |
| 27:29 | Create | Villager (Male) |
| 27:29 | Create | Villager (Male) |
| 28:21 | Create | Villager (Male) |
| 28:24 | Create | Knight |
| 28:36 | Create | Villager (Male) |
| 28:44 | Build | Stable |
| 29:11 | Build | Siege Workshop |
| 29:13 | Create | Villager (Male) |
| 29:13 | Create | Villager (Male) |
| 29:30 | Create | Villager (Male) |
| 29:30 | Create | Villager (Male) |
| 29:37 | Research | Gold Mining |
| 29:38 | Research | Double-Bit Axe |
| 30:14 | Build | Town Center |
| 30:21 | Create | Battering Ram |
| 31:00 | Create | Villager (Male) |
| 31:00 | Create | Villager (Male) |
| 31:04 | Create | Villager (Male) |
| 31:04 | Create | Villager (Male) |
| 31:30 | Create | Villager (Male) |
| 31:34 | Build | House |
| 31:36 | Build | House |
| 31:44 | Create | Knight ×3 |
| 32:28 | Create | Villager (Male) |
| 32:35 | Create | Knight ×2 |
| 32:51 | Build | House |
| 32:55 | Build | House |
| 32:59 | Build | House |
| 33:00 | Build | House |
| 33:03 | Build | House |
| 33:06 | Build | House |
| 33:08 | Create | Battering Ram |
| 33:09 | Create | Battering Ram |
| 33:11 | Create | Villager (Male) |
| 33:12 | Create | Villager (Male) |
| 33:19 | Create | Villager (Male) |
| 33:19 | Create | Villager (Male) |
| 34:02 | Create | Villager (Male) |
| 34:09 | Create | Villager (Male) |
| 34:09 | Create | Villager (Male) |
| 34:12 | Create | Villager (Male) |
| 34:13 | Create | Villager (Male) |
| 34:13 | Create | Villager (Male) |
| 34:13 | Create | Villager (Male) |
| 35:02 | Create | Villager (Male) |
| 35:04 | Create | Villager (Male) |
| 35:05 | Create | Villager (Male) |
| 35:16 | Create | Knight ×5 |
| 35:17 | Create | Battering Ram |
| 36:42 | Build | House |
Build order — Chuterr
First 150 of 232 actions detected
| 0:05 | Build | House |
| 0:09 | Create | Villager (Male) |
| 0:10 | Create | Villager (Male) |
| 0:10 | Create | Villager (Male) |
| 0:10 | Create | Villager (Male) |
| 0:11 | Create | Villager (Male) |
| 0:52 | Build | House |
| 0:56 | Build | House |
| 1:27 | Build | House |
| 1:50 | Create | Villager (Male) |
| 1:51 | Create | Villager (Male) |
| 2:10 | Create | Villager (Male) |
| 2:10 | Create | Villager (Male) |
| 2:27 | Create | Villager (Male) |
| 2:35 | Research | Loom |
| 2:58 | Create | Villager (Male) |
| 3:18 | Create | Villager (Male) |
| 3:36 | Create | Villager (Male) |
| 4:24 | Create | Villager (Male) |
| 4:24 | Create | Villager (Male) |
| 5:05 | Build | Mill |
| 5:12 | Create | Villager (Male) |
| 5:12 | Create | Villager (Male) |
| 5:13 | Create | Villager (Male) |
| 5:50 | Build | Mill |
| 6:39 | Create | Villager (Male) |
| 6:39 | Create | Villager (Male) |
| 6:39 | Create | Villager (Male) |
| 6:40 | Create | Villager (Male) |
| 7:39 | Create | Villager (Male) |
| 7:39 | Create | Villager (Male) |
| 8:05 | Build | House |
| 8:25 | Build | Barracks |
| 9:01 | Build | Farm |
| 9:04 | Create | Villager (Male) |
| 9:19 | Research | Feudal Age |
| 9:43 | Build | Palisade Wall |
| 9:53 | Build | Palisade Wall |
| 9:55 | Build | Palisade Wall |
| 10:10 | Build | Palisade Wall |
| 10:12 | Build | Palisade Wall |
| 10:13 | Build | Palisade Wall |
| 10:34 | Create | Villager (Male) |
| 11:12 | Create | Villager (Male) |
| 11:44 | Age | Feudal Age |
| 11:48 | Create | Villager (Male) |
| 11:54 | Build | Lumber Camp |
| 12:51 | Create | Villager (Male) |
| 13:14 | Build | Palisade Gate |
| 13:19 | Create | Villager (Male) |
| 13:24 | Research | Man-at-Arms (upgrade) |
| 13:35 | Build | Mining Camp |
| 13:57 | Create | Villager (Male) |
| 13:57 | Create | Villager (Male) |
| 13:57 | Create | Villager (Male) |
| 14:13 | Build | House |
| 14:20 | Build | Archery Range |
| 14:50 | Build | House |
| 14:52 | Build | House |
| 15:08 | Build | Farm |
| 15:09 | Build | Farm |
| 15:26 | Create | Skirmisher |
| 15:27 | Create | Skirmisher |
| 15:27 | Create | Skirmisher |
| 15:27 | Create | Skirmisher |
| 15:28 | Create | Skirmisher |
| 15:28 | Create | Skirmisher |
| 15:37 | Build | Farm |
| 15:59 | Build | Farm |
| 16:02 | Create | Villager (Male) |
| 16:03 | Create | Villager (Male) |
| 16:13 | Create | Spearman |
| 16:13 | Create | Spearman |
| 17:24 | Create | Villager (Male) |
| 17:24 | Create | Villager (Male) |
| 17:24 | Create | Villager (Male) |
| 17:25 | Create | Villager (Male) |
| 17:26 | Create | Villager (Male) |
| 17:26 | Create | Villager (Male) |
| 17:34 | Build | House |
| 17:36 | Build | House |
| 17:49 | Build | Farm |
| 18:01 | Create | Skirmisher |
| 18:21 | Create | Spearman |
| 18:21 | Create | Spearman |
| 18:22 | Create | Spearman |
| 18:34 | Build | Farm |
| 18:44 | Build | House |
| 18:48 | Build | House |
| 19:05 | Create | Villager (Male) |
| 19:10 | Build | Farm |
| 19:11 | Build | Farm |
| 19:31 | Create | Villager (Male) |
| 19:56 | Create | Skirmisher |
| 19:57 | Create | Skirmisher |
| 19:57 | Create | Skirmisher |
| 20:06 | Build | Farm |
| 20:08 | Build | Farm |
| 20:09 | Build | Farm |
| 20:47 | Build | Watch Tower |
| 21:28 | Build | House |
| 21:59 | Create | Spearman |
| 21:59 | Create | Spearman |
| 22:00 | Create | Spearman |
| 22:13 | Build | Farm |
| 22:30 | Create | Skirmisher |
| 22:31 | Create | Skirmisher |
| 22:31 | Create | Skirmisher |
| 22:31 | Create | Skirmisher |
| 22:54 | Create | Villager (Male) |
| 22:54 | Create | Villager (Male) |
| 22:54 | Create | Villager (Male) |
| 22:55 | Create | Villager (Male) |
| 23:00 | Build | Farm |
| 23:23 | Build | Lumber Camp |
| 23:34 | Create | Villager (Male) |
| 23:38 | Create | Skirmisher |
| 24:04 | Create | Skirmisher |
| 24:06 | Create | Skirmisher |
| 24:30 | Build | Farm |
| 24:32 | Build | Mill |
| 24:34 | Create | Villager (Male) |
| 25:43 | Create | Villager (Male) |
| 25:44 | Create | Villager (Male) |
| 26:03 | Build | Farm |
| 26:19 | Build | Farm |
| 26:21 | Build | Farm |
| 26:25 | Build | Farm |
| 26:27 | Create | Villager (Male) |
| 26:51 | Build | House |
| 26:56 | Build | House |
| 27:20 | Create | Villager (Male) |
| 27:21 | Create | Villager (Male) |
| 27:47 | Build | Farm |
| 27:51 | Build | Farm |
| 27:53 | Build | Farm |
| 27:57 | Create | Villager (Male) |
| 28:21 | Create | Skirmisher |
| 28:22 | Create | Skirmisher |
| 28:49 | Create | Villager (Male) |
| 28:49 | Create | Villager (Male) |
| 29:03 | Create | Skirmisher |
| 29:04 | Create | Skirmisher |
| 29:14 | Build | Blacksmith |
| 29:20 | Create | Villager (Male) |
| 30:17 | Build | Mining Camp |
| 30:20 | Create | Villager (Male) |
| 30:20 | Create | Villager (Male) |
| 30:21 | Create | Villager (Male) |
| 30:38 | Create | Skirmisher |
Build order — PEINATE QUE VIENE GENTE
First 150 of 424 actions detected
| 0:01 | Create | Villager (Male) |
| 0:02 | Create | Villager (Male) |
| 0:02 | Create | Villager (Male) |
| 0:02 | Build | House |
| 0:04 | Build | House |
| 0:12 | Create | Villager (Male) |
| 0:13 | Create | Villager (Male) |
| 1:25 | Create | Villager (Male) |
| 1:25 | Create | Villager (Male) |
| 1:47 | Build | Lumber Camp |
| 1:59 | Create | Villager (Male) |
| 1:59 | Create | Villager (Male) |
| 2:25 | Create | Villager (Male) |
| 2:25 | Create | Villager (Male) |
| 2:46 | Create | Villager (Male) |
| 3:07 | Create | Villager (Male) |
| 3:08 | Create | Villager (Male) |
| 3:39 | Create | Villager (Male) |
| 3:39 | Create | Villager (Male) |
| 3:41 | Build | House |
| 3:45 | Build | House |
| 4:12 | Create | Villager (Male) |
| 4:13 | Create | Villager (Male) |
| 4:13 | Create | Villager (Male) |
| 4:22 | Build | House |
| 4:53 | Build | Mill |
| 5:23 | Create | Villager (Male) |
| 5:23 | Create | Villager (Male) |
| 5:23 | Create | Villager (Male) |
| 5:50 | Create | Villager (Male) |
| 5:50 | Create | Villager (Male) |
| 5:50 | Create | Villager (Male) |
| 7:33 | Build | Mining Camp |
| 7:40 | Research | Loom |
| 8:03 | Research | Feudal Age |
| 8:34 | Build | Barracks |
| 8:43 | Build | Barracks |
| 8:46 | Create | Villager (Male) |
| 9:31 | Build | Palisade Wall |
| 9:39 | Build | Palisade Wall |
| 9:56 | Create | Villager (Male) |
| 10:20 | Build | Lumber Camp |
| 10:28 | Age | Feudal Age |
| 10:29 | Build | Archery Range |
| 10:45 | Build | Palisade Gate |
| 10:52 | Research | Double-Bit Axe |
| 10:52 | Research | Double-Bit Axe |
| 10:53 | Research | Horse Collar |
| 10:53 | Research | Horse Collar |
| 11:09 | Create | Spearman |
| 11:19 | Create | Villager (Male) |
| 11:19 | Create | Villager (Male) |
| 11:25 | Create | Archer |
| 11:25 | Create | Archer |
| 11:29 | Create | Archer |
| 11:29 | Create | Archer |
| 11:36 | Build | House |
| 11:48 | Build | Palisade Wall |
| 12:01 | Create | Skirmisher |
| 12:01 | Create | Skirmisher |
| 12:03 | Create | Archer |
| 12:07 | Build | House |
| 12:21 | Create | Villager (Male) |
| 12:22 | Create | Villager (Male) |
| 12:22 | Create | Villager (Male) |
| 12:40 | Create | Spearman |
| 12:40 | Create | Spearman |
| 12:42 | Create | Villager (Male) |
| 12:42 | Create | Villager (Male) |
| 12:42 | Create | Villager (Male) |
| 12:56 | Build | House |
| 13:16 | Build | House |
| 13:17 | Build | House |
| 13:40 | Build | House |
| 13:45 | Build | Farm |
| 13:45 | Build | Farm |
| 13:47 | Build | Farm |
| 13:52 | Build | Farm |
| 13:54 | Build | Farm |
| 14:07 | Build | House |
| 14:52 | Build | Farm |
| 15:07 | Build | Blacksmith |
| 15:15 | Build | Farm |
| 15:20 | Build | Farm |
| 15:22 | Build | Farm |
| 15:31 | Create | Skirmisher |
| 16:03 | Build | Stable |
| 16:30 | Build | Archery Range |
| 16:33 | Build | Farm |
| 17:08 | Create | Scout Cavalry |
| 17:09 | Create | Scout Cavalry |
| 17:09 | Create | Scout Cavalry |
| 17:21 | Create | Scout Cavalry |
| 17:38 | Create | Scout Cavalry |
| 17:38 | Create | Scout Cavalry |
| 18:01 | Create | Scout Cavalry |
| 18:39 | Build | Archery Range |
| 18:44 | Create | Villager (Male) |
| 18:44 | Create | Villager (Male) |
| 19:48 | Create | Villager (Male) |
| 19:48 | Create | Villager (Male) |
| 19:54 | Build | Market |
| 20:17 | Create | Villager (Male) |
| 20:24 | Create | Villager (Male) |
| 20:24 | Create | Villager (Male) |
| 20:37 | Build | House |
| 20:38 | Build | House |
| 21:05 | Research | Scale Barding Armor |
| 21:07 | Create | Scout Cavalry |
| 21:07 | Create | Scout Cavalry |
| 21:19 | Research | Padded Archer Armor |
| 21:38 | Build | House |
| 21:40 | Create | Villager (Male) |
| 21:40 | Create | Villager (Male) |
| 22:17 | Create | Villager (Male) |
| 22:31 | Build | House |
| 22:35 | Build | Farm |
| 22:36 | Build | Farm |
| 22:37 | Build | Farm |
| 22:38 | Build | Farm |
| 22:48 | Build | Farm |
| 22:52 | Build | Palisade Gate |
| 23:16 | Build | Farm |
| 23:26 | Research | Castle Age |
| 23:26 | Research | Castle Age |
| 23:26 | Research | Castle Age |
| 23:35 | Build | Archery Range |
| 23:49 | Research | Fletching |
| 23:49 | Research | Fletching |
| 23:49 | Research | Padded Archer Armor |
| 23:59 | Build | House |
| 24:04 | Build | House |
| 24:25 | Research | Gold Mining |
| 24:25 | Research | Gold Mining |
| 24:25 | Research | Gold Mining |
| 24:36 | Build | Archery Range |
| 24:41 | Create | Villager (Male) |
| 24:41 | Create | Villager (Male) |
| 25:26 | Build | House |
| 26:06 | Age | Castle Age |
| 26:07 | Build | House |
| 26:11 | Create | Cavalry Archer |
| 26:11 | Create | Cavalry Archer |
| 26:11 | Create | Cavalry Archer |
| 26:11 | Create | Cavalry Archer |
| 26:13 | Research | Bodkin Arrow |
| 26:13 | Research | Bodkin Arrow |
| 26:14 | Research | Padded Archer Armor |
| 26:32 | Build | Siege Workshop |
| 26:34 | Build | House |
Build order — Sacrilegious
First 150 of 267 actions detected
| 0:09 | Build | House |
| 0:10 | Build | House |
| 0:10 | Create | Villager (Male) |
| 0:11 | Create | Villager (Male) |
| 0:11 | Create | Villager (Male) |
| 0:11 | Create | Villager (Male) |
| 2:09 | Create | Villager (Male) |
| 2:17 | Build | Lumber Camp |
| 2:36 | Create | Villager (Male) |
| 2:38 | Create | Villager (Male) |
| 2:51 | Research | Loom |
| 3:18 | Create | Villager (Male) |
| 3:22 | Create | Villager (Male) |
| 3:45 | Build | House |
| 3:45 | Build | House |
| 4:15 | Create | Villager (Male) |
| 4:43 | Create | Villager (Male) |
| 5:01 | Create | Villager (Male) |
| 5:20 | Create | Villager (Male) |
| 6:05 | Create | Villager (Male) |
| 6:42 | Create | Villager (Male) |
| 6:42 | Create | Villager (Male) |
| 6:49 | Build | Barracks |
| 6:59 | Create | Villager (Male) |
| 8:04 | Build | Mining Camp |
| 8:19 | Research | Feudal Age |
| 8:43 | Create | Militia |
| 8:44 | Create | Militia |
| 9:10 | Build | Mill |
| 9:30 | Build | House |
| 9:31 | Build | House |
| 9:32 | Build | House |
| 9:46 | Create | Militia |
| 9:46 | Create | Militia |
| 10:17 | Create | Villager (Male) |
| 10:17 | Create | Villager (Male) |
| 10:29 | Age | Feudal Age |
| 10:32 | Build | Archery Range |
| 10:45 | Create | Villager (Male) |
| 10:45 | Create | Villager (Male) |
| 11:12 | Create | Skirmisher |
| 11:13 | Create | Skirmisher |
| 11:13 | Create | Skirmisher |
| 11:32 | Create | Villager (Male) |
| 11:41 | Create | Skirmisher |
| 11:41 | Create | Skirmisher |
| 11:58 | Create | Villager (Male) |
| 12:37 | Create | Spearman |
| 12:38 | Create | Villager (Male) |
| 12:38 | Create | Villager (Male) |
| 13:16 | Create | Skirmisher |
| 13:17 | Create | Skirmisher |
| 13:38 | Create | Villager (Male) |
| 13:43 | Build | House |
| 13:45 | Build | House |
| 13:46 | Build | House |
| 13:50 | Create | Villager (Male) |
| 14:37 | Research | Arson |
| 14:38 | Create | Militia |
| 14:39 | Create | Villager (Male) |
| 15:16 | Create | Villager (Male) |
| 15:18 | Create | Villager (Male) |
| 15:22 | Build | Farm |
| 15:23 | Build | Farm |
| 15:23 | Build | Farm |
| 15:23 | Build | Farm |
| 15:24 | Build | Farm |
| 15:32 | Build | Farm |
| 15:32 | Build | Farm |
| 15:33 | Build | Farm |
| 15:33 | Build | Farm |
| 15:33 | Build | Farm |
| 15:34 | Build | Farm |
| 16:09 | Create | Villager (Male) |
| 16:15 | Build | Lumber Camp |
| 16:59 | Create | Villager (Male) |
| 17:02 | Build | Farm |
| 17:09 | Create | Villager (Male) |
| 18:50 | Build | Farm |
| 18:51 | Build | Farm |
| 18:51 | Build | Farm |
| 18:55 | Build | Farm |
| 18:57 | Build | Farm |
| 18:57 | Build | Farm |
| 19:08 | Build | Mining Camp |
| 19:09 | Create | Villager (Male) |
| 19:10 | Create | Villager (Male) |
| 20:20 | Create | Spearman |
| 20:20 | Create | Spearman |
| 20:29 | Build | Watch Tower |
| 21:19 | Build | Blacksmith |
| 21:24 | Build | Stable |
| 22:26 | Build | Watch Tower |
| 22:35 | Build | Watch Tower |
| 22:47 | Research | Castle Age |
| 23:16 | Build | House |
| 23:18 | Build | House |
| 23:22 | Build | House |
| 24:53 | Create | Villager (Male) ×5 |
| 25:01 | Research | Stone Mining |
| 25:27 | Age | Castle Age |
| 25:29 | Build | House |
| 27:07 | Build | Krepost |
| 27:22 | Build | Farm |
| 27:27 | Create | Spearman |
| 27:27 | Create | Spearman |
| 27:36 | Build | House |
| 27:57 | Build | Palisade Wall |
| 28:14 | Create | Villager (Male) |
| 28:14 | Create | Villager (Male) |
| 28:14 | Create | Villager (Male) |
| 28:15 | Create | Villager (Male) |
| 28:37 | Build | Farm |
| 28:39 | Create | Konnik ×5 |
| 28:45 | Research | Scale Barding Armor |
| 28:46 | Research | Forging |
| 28:51 | Research | Bloodlines |
| 28:52 | Research | Husbandry |
| 28:53 | Create | Villager (Male) |
| 28:57 | Create | Villager (Male) |
| 29:19 | Create | Konnik |
| 29:19 | Create | Konnik |
| 29:47 | Create | Konnik |
| 29:47 | Create | Konnik |
| 29:50 | Research | Chain Barding Armor |
| 29:51 | Research | Iron Casting |
| 30:22 | Build | Farm |
| 31:28 | Build | Town Center |
| 31:36 | Create | Konnik ×5 |
| 31:39 | Create | Villager (Male) ×5 |
| 32:38 | Create | Villager (Male) |
| 32:39 | Create | Villager (Male) |
| 32:39 | Create | Villager (Male) |
| 32:50 | Build | Mining Camp |
| 32:52 | Create | Villager (Male) |
| 32:52 | Create | Villager (Male) |
| 32:52 | Create | Villager (Male) |
| 33:00 | Create | Villager (Male) ×5 |
| 33:06 | Build | Archery Range |
| 33:08 | Build | Archery Range |
| 33:22 | Create | Villager (Male) |
| 33:28 | Create | Villager (Male) |
| 33:35 | Build | Farm |
| 33:37 | Build | Farm |
| 33:40 | Research | Double-Bit Axe |
| 33:49 | Research | Elite Skirmisher (upgrade) |
| 33:55 | Create | Villager (Male) |
| 33:58 | Build | House |
| 33:59 | Build | House |
| 33:59 | Build | House |
Build order — Navi AoE
First 150 of 276 actions detected
| 0:02 | Create | Villager (Male) |
| 0:03 | Create | Villager (Male) |
| 0:03 | Create | Villager (Male) |
| 0:03 | Create | Villager (Male) |
| 0:05 | Build | House |
| 0:09 | Build | House |
| 1:33 | Create | Villager (Male) |
| 1:58 | Build | Lumber Camp |
| 2:07 | Create | Villager (Male) |
| 2:08 | Create | Villager (Male) |
| 2:18 | Create | Villager (Male) |
| 3:00 | Create | Villager (Male) |
| 3:07 | Create | Villager (Male) |
| 3:40 | Create | Villager (Male) |
| 3:40 | Create | Villager (Male) |
| 3:58 | Create | Villager (Male) |
| 3:58 | Create | Villager (Male) |
| 4:23 | Build | Mill |
| 4:49 | Create | Villager (Male) |
| 4:56 | Build | House |
| 5:00 | Research | Loom |
| 5:10 | Create | Villager (Male) |
| 5:11 | Create | Villager (Male) |
| 5:11 | Create | Villager (Male) |
| 5:30 | Build | House |
| 5:59 | Create | Villager (Male) |
| 5:59 | Create | Villager (Male) |
| 6:20 | Create | Villager (Male) |
| 6:20 | Create | Villager (Male) |
| 7:20 | Create | Villager (Male) |
| 8:03 | Research | Feudal Age |
| 8:07 | Build | Barracks |
| 8:58 | Build | Mining Camp |
| 9:13 | Build | House |
| 9:21 | Age | Feudal Age |
| 9:34 | Create | Villager (Male) |
| 9:34 | Create | Villager (Male) |
| 9:57 | Build | Archery Range |
| 10:16 | Create | Villager (Male) |
| 10:41 | Create | Villager (Male) |
| 10:53 | Build | Blacksmith |
| 10:55 | Create | Archer |
| 10:56 | Create | Archer |
| 11:00 | Create | Villager (Male) |
| 11:12 | Build | Palisade Wall |
| 11:20 | Create | Villager (Male) |
| 11:23 | Build | Farm |
| 11:26 | Build | Farm |
| 11:30 | Build | Farm |
| 11:44 | Build | House |
| 11:46 | Create | Archer |
| 12:04 | Create | Villager (Male) |
| 12:16 | Create | Archer |
| 12:19 | Build | House |
| 12:23 | Build | Palisade Wall |
| 12:28 | Create | Villager (Male) |
| 12:30 | Build | Farm |
| 12:41 | Research | Fletching |
| 12:48 | Build | Farm |
| 12:50 | Create | Archer |
| 12:56 | Build | Palisade Wall |
| 13:04 | Build | House |
| 13:08 | Build | House |
| 13:10 | Build | Palisade Wall |
| 13:15 | Create | Villager (Male) |
| 13:32 | Build | Palisade Wall |
| 13:37 | Build | Palisade Wall |
| 13:41 | Create | Villager (Male) |
| 13:48 | Create | Archer |
| 14:25 | Build | Archery Range |
| 14:27 | Build | House |
| 14:35 | Build | Lumber Camp |
| 14:46 | Create | Villager (Male) |
| 14:47 | Create | Villager (Male) |
| 14:47 | Create | Villager (Male) |
| 15:12 | Research | Padded Archer Armor |
| 15:16 | Create | Archer |
| 15:16 | Create | Archer |
| 15:26 | Build | Farm |
| 15:42 | Build | House |
| 15:43 | Build | House |
| 15:47 | Create | Villager (Male) |
| 15:47 | Create | Villager (Male) |
| 16:08 | Create | Archer ×4 |
| 16:08 | Create | Archer ×4 |
| 16:15 | Create | Villager (Male) |
| 16:38 | Build | Farm |
| 16:42 | Build | House |
| 16:47 | Build | Farm |
| 16:54 | Create | Villager (Male) |
| 16:54 | Create | Villager (Male) |
| 17:46 | Build | Market |
| 17:48 | Create | Villager (Male) |
| 18:07 | Create | Villager (Male) |
| 18:36 | Create | Villager (Male) |
| 18:54 | Build | House |
| 19:05 | Build | Farm |
| 19:07 | Build | Farm |
| 19:08 | Build | Farm |
| 19:09 | Build | Farm |
| 19:46 | Create | Villager (Male) |
| 19:51 | Build | Farm |
| 19:52 | Build | Farm |
| 19:53 | Build | Farm |
| 19:54 | Build | Farm |
| 19:56 | Create | Villager (Male) |
| 20:07 | Build | House |
| 20:09 | Build | House |
| 20:46 | Build | Palisade Wall |
| 20:58 | Research | Castle Age |
| 21:26 | Build | Lumber Camp |
| 21:35 | Research | Double-Bit Axe |
| 21:40 | Build | House |
| 21:56 | Research | Gold Mining |
| 22:21 | Build | House |
| 22:22 | Build | House |
| 22:25 | Build | House |
| 22:34 | Age | Castle Age |
| 22:41 | Research | Crossbowman (upgrade) |
| 22:51 | Create | Villager (Male) |
| 22:52 | Create | Villager (Male) |
| 23:04 | Build | Watch Tower |
| 23:13 | Build | Stone Wall |
| 23:27 | Build | University |
| 23:41 | Build | House |
| 23:43 | Build | House |
| 23:44 | Build | House |
| 23:46 | Build | Stone Wall |
| 24:03 | Build | Siege Workshop |
| 24:05 | Create | Villager (Male) |
| 24:06 | Create | Villager (Male) |
| 24:09 | Create | Archer ×5 |
| 24:09 | Create | Archer ×5 |
| 24:09 | Create | Archer ×5 |
| 24:28 | Create | Villager (Male) |
| 24:35 | Build | Mining Camp |
| 24:51 | Create | Mangonel |
| 25:19 | Create | Villager (Male) |
| 25:26 | Research | Thumb Ring |
| 25:29 | Research | Bodkin Arrow |
| 25:38 | Build | House |
| 25:39 | Build | House |
| 25:47 | Create | Villager (Male) |
| 25:47 | Create | Villager (Male) |
| 26:14 | Create | Villager (Male) |
| 27:06 | Create | Mangonel |
| 27:09 | Create | Villager (Male) |
| 27:09 | Create | Villager (Male) |
| 27:10 | Create | Villager (Male) |
| 27:44 | Research | Horse Collar |
Build order — Fat B
First 150 of 369 actions detected
| 0:01 | Research | Loom |
| 0:02 | Create | Villager (Male) |
| 0:06 | Create | Villager (Male) |
| 0:06 | Create | Villager (Male) |
| 0:06 | Create | Villager (Male) |
| 0:06 | Build | House |
| 0:08 | Build | House |
| 1:21 | Create | Villager (Male) |
| 1:56 | Build | Lumber Camp |
| 2:11 | Create | Villager (Male) |
| 2:14 | Create | Villager (Male) |
| 3:02 | Create | Villager (Male) |
| 3:09 | Create | Villager (Male) |
| 3:34 | Build | House |
| 3:41 | Create | Villager (Male) |
| 3:58 | Build | Mill |
| 4:35 | Create | Villager (Male) |
| 4:45 | Create | Villager (Male) |
| 5:05 | Create | Villager (Male) |
| 5:40 | Create | Villager (Male) |
| 6:00 | Create | Villager (Male) |
| 6:03 | Create | Villager (Male) |
| 6:07 | Create | Villager (Male) |
| 6:16 | Create | Villager (Male) |
| 6:23 | Create | Villager (Male) |
| 6:48 | Create | Villager (Male) |
| 7:15 | Build | House |
| 7:16 | Create | Villager (Male) |
| 7:35 | Create | Villager (Male) |
| 7:40 | Create | Villager (Male) |
| 8:13 | Create | Villager (Male) |
| 8:43 | Research | Feudal Age |
| 8:50 | Build | Mining Camp |
| 9:25 | Build | Barracks |
| 9:41 | Create | Villager (Male) |
| 9:41 | Create | Villager (Male) |
| 9:45 | Build | House |
| 10:19 | Build | House |
| 10:28 | Build | House |
| 11:08 | Age | Feudal Age |
| 11:11 | Build | Archery Range |
| 11:26 | Build | Archery Range |
| 11:42 | Create | Villager (Male) |
| 11:46 | Research | Double-Bit Axe |
| 12:05 | Create | Archer |
| 12:05 | Create | Archer |
| 12:11 | Create | Villager (Male) |
| 12:20 | Create | Archer |
| 12:23 | Create | Archer |
| 12:31 | Create | Villager (Male) |
| 12:43 | Build | Blacksmith |
| 12:47 | Create | Archer |
| 12:47 | Create | Archer |
| 12:50 | Create | Villager (Male) |
| 12:53 | Build | Farm |
| 13:02 | Build | Farm |
| 13:04 | Create | Archer |
| 13:15 | Build | Palisade Wall |
| 13:21 | Create | Archer |
| 13:24 | Create | Villager (Male) |
| 13:44 | Create | Villager (Male) |
| 13:50 | Create | Archer |
| 13:55 | Research | Fletching |
| 14:00 | Build | Farm |
| 14:02 | Build | Farm |
| 14:16 | Create | Archer |
| 14:29 | Create | Villager (Male) |
| 14:34 | Create | Villager (Male) |
| 14:41 | Create | Archer |
| 14:49 | Create | Archer |
| 15:08 | Create | Archer |
| 15:28 | Create | Archer |
| 15:40 | Create | Archer |
| 15:59 | Create | Archer |
| 16:11 | Build | House |
| 16:13 | Build | House |
| 16:15 | Build | House |
| 16:16 | Build | House |
| 16:18 | Build | Farm |
| 16:27 | Create | Archer |
| 16:28 | Create | Villager (Male) |
| 16:50 | Create | Archer |
| 17:14 | Create | Archer |
| 17:15 | Create | Villager (Male) |
| 17:20 | Build | House |
| 17:22 | Build | House |
| 17:23 | Create | Archer |
| 17:24 | Create | Archer |
| 17:26 | Research | Padded Archer Armor |
| 17:27 | Create | Villager (Male) |
| 17:31 | Build | Farm |
| 17:34 | Build | Farm |
| 17:46 | Build | Palisade Wall |
| 17:49 | Build | Farm |
| 18:01 | Create | Archer |
| 18:02 | Create | Archer |
| 18:08 | Create | Archer |
| 18:12 | Build | Farm |
| 18:20 | Build | Farm |
| 18:26 | Create | Villager (Male) |
| 18:53 | Create | Archer |
| 19:01 | Create | Archer |
| 19:05 | Build | Farm |
| 19:08 | Build | Farm |
| 19:11 | Create | Archer |
| 19:11 | Create | Archer |
| 19:32 | Create | Archer |
| 20:06 | Create | Archer |
| 20:09 | Create | Villager (Male) |
| 20:10 | Create | Archer |
| 20:40 | Research | Castle Age |
| 20:45 | Create | Archer |
| 20:48 | Create | Villager (Male) |
| 21:26 | Create | Archer |
| 21:26 | Create | Archer |
| 21:27 | Create | Archer |
| 21:35 | Create | Villager (Male) |
| 22:02 | Create | Archer |
| 22:02 | Create | Archer |
| 22:19 | Build | Farm |
| 22:24 | Create | Archer |
| 22:24 | Create | Archer |
| 22:30 | Create | Archer |
| 22:44 | Create | Archer |
| 23:00 | Create | Archer |
| 23:20 | Age | Castle Age |
| 23:24 | Research | Crossbowman (upgrade) |
| 23:33 | Research | Bodkin Arrow |
| 23:42 | Build | University |
| 23:44 | Create | Villager (Male) |
| 23:50 | Build | Market |
| 23:56 | Build | Archery Range |
| 24:16 | Create | Archer |
| 24:25 | Create | Archer |
| 24:43 | Create | Archer |
| 24:43 | Create | Archer |
| 24:44 | Create | Villager (Male) |
| 24:57 | Create | Archer |
| 25:12 | Build | House |
| 25:13 | Build | House |
| 25:13 | Build | House |
| 25:14 | Build | House |
| 25:14 | Build | House |
| 25:14 | Build | House |
| 25:15 | Build | House |
| 25:15 | Build | House |
| 25:26 | Research | Ballistics |
| 25:28 | Build | Farm |
| 25:29 | Build | Farm |
| 25:29 | Build | Farm |
Match timeline
| 6:49 | Sacrilegious · first_building Barracks |
| 8:07 | Navi AoE · first_building Barracks |
| 8:25 | Chuterr · first_building Barracks |
| 8:34 | PEINATE QUE VIENE GENTE · first_building Barracks |
| 8:55 | AleAnonMallo · first_building Barracks |
| 9:10 | Kryptonknight · first_building Barracks |
| 9:21 | Navi AoE · age_up feudal |
| 9:25 | Fat B · first_building Barracks |
| 9:31 | PEINATE QUE VIENE GENTE · wall_segment Palisade Wall x8 |
| 9:39 | PEINATE QUE VIENE GENTE · wall_segment Palisade Wall x5 |
| 9:43 | Chuterr · wall_segment Palisade Wall x4 |
| 9:53 | Chuterr · wall_segment Palisade Wall x2 |
| 9:54 | GuilleLeopold17 · first_building Barracks |
| 9:55 | Chuterr · wall_segment Palisade Wall x1 |
| 9:57 | Navi AoE · first_building Archery Range |
| 10:06 | AleAnonMallo · age_up feudal |
| 10:10 | Chuterr · wall_segment Palisade Wall x5 |
| 10:10 | Kryptonknight · age_up feudal |
| 10:12 | Chuterr · wall_segment Palisade Wall x5 |
| 10:13 | Kryptonknight · first_building Archery Range |
| 10:13 | Chuterr · wall_segment Palisade Wall x3 |
| 10:18 | AleAnonMallo · first_building Stable |
| 10:28 | PEINATE QUE VIENE GENTE · age_up feudal |
| 10:29 | Sacrilegious · age_up feudal |
| 10:29 | PEINATE QUE VIENE GENTE · first_building Archery Range |
| 10:32 | Sacrilegious · first_building Archery Range |
| 10:32 | Kryptonknight · wall_segment Palisade Wall x1 |
| 10:37 | GuilleLeopold17 · age_up feudal |
| 10:42 | Kryptonknight · wall_segment Palisade Wall x4 |
| 11:08 | Fat B · age_up feudal |
| 11:11 | Fat B · first_building Archery Range |
| 11:12 | Navi AoE · wall_segment Palisade Wall x5 |
| 11:13 | Kryptonknight · wall_segment Palisade Wall x10 |
| 11:20 | GuilleLeopold17 · first_building Archery Range |
| 11:44 | Chuterr · age_up feudal |
| 11:48 | PEINATE QUE VIENE GENTE · wall_segment Palisade Wall x3 |
| 12:23 | Navi AoE · wall_segment Palisade Wall x9 |
| 12:24 | Kryptonknight · wall_segment Palisade Wall x12 |
| 12:56 | Navi AoE · wall_segment Palisade Wall x6 |
| 13:10 | Navi AoE · wall_segment Palisade Wall x1 |
| 13:15 | Fat B · wall_segment Palisade Wall x7 |
| 13:32 | Navi AoE · wall_segment Palisade Wall x24 |
| 13:37 | Kryptonknight · wall_segment Palisade Wall x2 |
| 13:37 | Navi AoE · wall_segment Palisade Wall x6 |
| 14:20 | Chuterr · first_building Archery Range |
| 15:56 | GuilleLeopold17 · age_up castle |
| 16:03 | PEINATE QUE VIENE GENTE · first_building Stable |
| 17:46 | Fat B · wall_segment Palisade Wall x1 |
| 19:21 | GuilleLeopold17 · first_building Siege Workshop |
| 20:14 | Navi AoE · first_market_buy 100 food |
| 20:46 | Navi AoE · wall_segment Palisade Wall x1 |
| 21:24 | Sacrilegious · first_building Stable |
| 22:34 | Navi AoE · age_up castle |
| 22:54 | Kryptonknight · age_up castle |
| 23:13 | Navi AoE · wall_segment Stone Wall x1 |
| 23:20 | Fat B · age_up castle |
| 23:21 | PEINATE QUE VIENE GENTE · first_market_buy 100 food |
| 23:46 | Navi AoE · wall_segment Stone Wall x2 |
| 24:03 | Navi AoE · first_building Siege Workshop |
| 25:22 | Fat B · first_market_sell 100 wood |
| 25:24 | GuilleLeopold17 · first_building Monastery |
| 25:27 | Sacrilegious · age_up castle |
| 26:06 | AleAnonMallo · age_up castle |
| 26:06 | PEINATE QUE VIENE GENTE · age_up castle |
| 26:32 | PEINATE QUE VIENE GENTE · first_building Siege Workshop |
| 27:07 | Sacrilegious · first_building Krepost |
| 27:57 | Sacrilegious · wall_segment Palisade Wall x1 |
| 28:05 | GuilleLeopold17 · first_building Stable |
| 28:44 | Navi AoE · wall_segment Stone Wall x1 |
| 28:44 | Kryptonknight · first_market_buy 100 wood |
| 28:45 | Kryptonknight · first_market_sell 100 food |
| 29:05 | Fat B · first_market_buy 100 wood |
| 29:11 | AleAnonMallo · first_building Siege Workshop |
| 30:04 | Navi AoE · wall_segment Stone Wall x1 |
| 31:26 | GuilleLeopold17 · first_building Castle |
| 31:44 | GuilleLeopold17 · wall_segment Stone Wall x1 |
| 31:50 | Navi AoE · wall_segment Stone Wall x2 |
| 32:06 | GuilleLeopold17 · wall_segment Stone Wall x2 |
| 34:26 | Navi AoE · wall_segment Stone Wall x1 |
| 34:30 | Navi AoE · wall_segment Stone Wall x1 |
| 36:29 | Navi AoE · wall_segment Stone Wall x2 |
| 36:32 | Navi AoE · wall_segment Stone Wall x1 |
| 36:34 | Fat B · first_building Castle |
| 36:36 | Navi AoE · wall_segment Stone Wall x1 |
| 36:38 | Navi AoE · wall_segment Stone Wall x1 |
| 38:27 | Navi AoE · wall_segment Stone Wall x1 |
| 38:43 | Navi AoE · wall_segment Stone Wall x2 |
| 39:39 | AleAnonMallo · first_building Castle |
| 39:55 | Navi AoE · wall_segment Stone Wall x3 |
| 40:00 | Navi AoE · wall_segment Stone Wall x1 |
| 40:02 | Navi AoE · wall_segment Stone Wall x1 |
| 40:04 | Navi AoE · wall_segment Stone Wall x2 |
| 40:25 | Kryptonknight · first_building Monastery |
| 40:36 | PEINATE QUE VIENE GENTE · first_building Castle |
| 41:07 | Navi AoE · wall_segment Stone Wall x1 |
| 41:09 | Navi AoE · wall_segment Stone Wall x4 |
| 41:11 | Navi AoE · wall_segment Stone Wall x1 |
| 41:15 | Navi AoE · wall_segment Stone Wall x1 |
| 41:42 | PEINATE QUE VIENE GENTE · age_up imperial |
| 41:53 | Fat B · age_up imperial |
| 41:55 | Navi AoE · wall_segment Stone Wall x4 |
| 42:18 | Navi AoE · age_up imperial |
| 42:26 | GuilleLeopold17 · age_up imperial |
| 42:51 | Navi AoE · wall_segment Stone Wall x7 |
| 43:13 | Kryptonknight · first_building Castle |
| 44:05 | Kryptonknight · age_up imperial |
| 45:23 | Navi AoE · wall_segment Stone Wall x2 |
| 45:36 | AleAnonMallo · age_up imperial |
| 46:17 | PEINATE QUE VIENE GENTE · first_market_sell 100 food |
| 46:22 | Navi AoE · resign |
| 49:18 | Chuterr · age_up castle |
[ AI ANALYSIS · 1 CREDIT ]
What really happened in this match?
Wolo.gg analyzes every decision: build order, eco, micro, common mistakes by bracket. Personalized analysis on WhatsApp or Discord in 30 seconds.
Civ guide
Jurchens
Perfil
Jugador #1901962